 Dungeon Crawl Stone Soup version 0.21.1-1-g345015f (webtiles) character file.

324 Firecrotchwizard the Spear-Bearer (level 6, -7/49 HPs)
             Began as a Merfolk Skald on Feb 22, 2018.
             Killed by divine providence
             ... invoked by an orc priest
              (14 damage)
             ... on level 4 of the Dungeon.
             The game lasted 00:08:19 (4692 turns).

Firecrotchwizard the Spear-Bearer (Merfolk Skald)   Turns: 4692, Time: 00:08:20

Health: -7/49      AC:  4    Str: 12    XL:     6   Next: 48%
Magic:  15/18      EV: 12    Int: 14    God:
Gold:   100        SH:  0    Dex: 13    Spells: 6/9 levels left

rFire    . . .     SeeInvis .   a - +0 spear
rCold    . . .     Gourm    .   (no shield)
rNeg     . . .     Faith    .   y - +0 leather armour (curse)
rPois    .         Spirit   .   (no helmet)
rElec    .         Reflect  .   o - +0 cloak
rCorr    +         Harm     .   (no gloves)
MR       .....                  (no boots)
Stlth    +.........             (no amulet)
HPRegen  0.16/turn              h - ring of magical power {MP+9}
MPRegen  0.16/turn              A - ring of resist corrosion

@: infused
A: change form in water, swift swim, stealthy swim
a: no special abilities


You were on level 4 of the Dungeon.
You were not hungry.

You visited 1 branch of the dungeon, and saw 4 of its levels.

You collected 100 gold pieces.

Inventory:

Hand Weapons
 a - a +0 spear (weapon)
 t - a +0 halberd
   (You took it off a gnoll on level 3 of the Dungeon)
Armour
 b - a +0 leather armour
 o - a +0 cloak (worn)
   (You found it on level 2 of the Dungeon)
 y - a cursed +0 leather armour (worn)
   (You found it on level 4 of the Dungeon)
Jewellery
 h - a ring of magical power (left hand) {MP+9}
   (You found it on level 1 of the Dungeon)
 j - an uncursed ring of fire {rF+, rC-}
   (You found it on level 1 of the Dungeon)
 A - a ring of resist corrosion (right hand)
   (You took it off an orc priest on level 4 of the Dungeon)
Wands
 w - a wand of disintegration (21) {@e1}
   (You found it on level 3 of the Dungeon)
Scrolls
 e - a scroll of fear {unknown}
 f - 2 scrolls of teleportation {unknown}
 g - 2 scrolls of remove curse {unknown}
 i - 4 scrolls of identify
 p - 2 scrolls of amnesia {unknown}
 q - a scroll of blinking {unknown}
 r - a scroll of fog {unknown}
 x - a scroll of enchant armour {unknown}
Potions
 k - 2 potions of curing
 l - a potion of haste {unknown}
 m - a potion of might {unknown}
 n - a potion of heal wounds
 u - a potion of flight {unknown}
 v - 2 potions of agility {unknown}
 z - a potion of cancellation {unknown}
 B - a potion of berserk rage {unknown}
Books
 c - a book of Battle
Comestibles
 d - 5 rations {@e1}
 s - 3 chunks of flesh {@w0}


   Skills:
 + Level 4.4 Fighting
 * Level 8.1 Polearms
 - Level 0.6 Armour
 - Level 2.6 Dodging
 - Level 2.0 Spellcasting
 - Level 3.2 Charms


You had 6 spell levels left.
You knew the following spells:

 Your Spells              Type           Power        Failure   Level  Hunger
a - Infusion              Chrm           ##..         8%          1    ##.....
s - Shroud of Golubria    Chrm/Tloc      #.........   24%         2    ###....


Dungeon Overview and Level Annotations

Branches:
Dungeon (4/15)
 Temple: D:4-7

Altars:


Message History

s - 4 chunks of flesh {@w0} You see here a club.
You see here a scale mail.
There isn't anything to butcher here.
There is a stone staircase leading down here.
You start resting.
Eating one of 4 chunks of flesh {@w0}.
You eat one of the 4 chunks of flesh {@w0}.
You are no longer magically infusing your attacks.
You start resting.
Health restored: 49; MP restored: 18 You climb downwards.
An orc comes into view. It is wielding a dagger.
The orc shouts!
There is a stone staircase leading up, spattered with blood here.
You begin infusing your attacks with magical energy.
You now have 17/18 mp.
Attack whom?
Aim: an orc priest, wielding a hand axe and wearing a chain mail You reach to attack!
You hit the orc priest.
You now have 16/18 mp.
Attack whom?
Aim: an orc priest, wielding a hand axe and wearing a chain mail (moderately wounded)
You closely miss the orc priest. The orc hits you but does no damage.
Attack whom?
Aim: an orc priest, wielding a hand axe and wearing a chain mail (moderately wounded)
You hit the orc priest but do no damage.
The orc priest completely misses you.
You completely miss the orc priest. The orc hits you with a dagger.
The orc priest hits you with a hand axe.
You take 9 damage, and have 40/49 hp.
You hit the orc priest. The orc completely misses you.
You now have 15/18 mp.
You hit the orc priest.
The orc priest hits you with a hand axe.
You take 5 damage, and have 35/49 hp.
You barely miss the orc priest. The orc closely misses you.
The orc priest closely misses you.
You hit the orc priest but do no damage.
The orc barely misses you.
You closely miss the orc priest.
The orc priest begins to cast a cantrip, but forgets the words!
You hit the orc priest but do no damage.
The orc hits you but does no damage. The orc priest closely misses you.
You barely miss the orc priest. The orc hits you but does no damage.
You hit the orc priest but do no damage.
The orc priest hits you with a hand axe.
The orc hits you with a dagger.
You take 4 damage, and have 31/49 hp.
You hit the orc priest but do no damage.
You hit the orc priest but do no damage.
The orc priest hits you with a hand axe.
The orc hits you but does no damage.
You take 3 damage, and have 28/49 hp.
You barely miss the orc priest.
The orc priest hits you but does no damage.
The orc hits you but does no damage.
You hit the orc priest but do no damage.
Your magical infusion is running out.
You barely miss the orc priest.
The orc priest hits you with a hand axe.
The orc closely misses you.
You take 3 damage, and have 25/49 hp.
You barely miss the orc priest. The orc hits you with a dagger.
The orc priest closely misses you.
You take 2 damage, and have 23/49 hp.
You hit the orc priest but do no damage.
You extend your infusion's duration.
The orc hits you with a dagger.
The orc priest hits you but does no damage.
You take 3 damage, and have 20/49 hp.
You now have 16/18 mp.
You barely miss the orc priest. The orc hits you with a dagger.
The orc priest hits you but does no damage.
You hit the orc priest but do no damage.
The orc hits you but does no damage.
You hit the orc priest.
The orc priest hits you but does no damage.
You now have 15/18 mp.
Your leather armour prevents you from hitting the orc priest.
The orc misses you.
The orc priest hits you but does no damage.
You hit the orc priest but do no damage.
The orc barely misses you.
You hit the orc priest but do no damage.
The orc priest looks braver for a moment.
You hit the orc priest but do no damage.
The orc misses you.
The orc priest hits you with a hand axe.
You take 1 damage, and have 19/49 hp.
You hit the orc priest. The orc hits you but does no damage.
You now have 15/18 mp.
You hit the orc priest.
The orc priest calls down the wrath of Beogh upon you.
Pain shoots through your body!
* * * LOW HITPOINT WARNING * * *
The orc misses you.
You take 13 damage, and have 6/49 hp.
MASSIVE DAMAGE!!
You hit the orc priest but do no damage.
The orc priest calls down the wrath of Beogh upon you.
Beogh smites you!
You die...

.................................
......####[.#.........##.........
...#### ##)##........###.........
#### #..##........##.......... #
##..##........##..........
#..###.......###.......... #..#
#.......# #...#...... ##.##
##.oo...###...##..... #..#
#..@..###....###.... #.## ##....#
#...## ##### ##.# ###.## #...#
#..# ### ##..## ##.## #...#
###..# #...# ###.#.## #..##
......# ##..# ##....# #...#


You could see an orc priest and an orc.

Vanquished Creatures
  2 orc priests
  A bullfrog skeleton (D:4)
  A hound (D:4)
  A worker ant (D:4)
  4 adders
  4 gnolls
  2 oozes
  A worm (D:2)
  A dart slug (D:1)
  2 leopard geckos
  7 orcs
  A ball python (D:1)
  5 giant cockroaches
  8 goblins
  9 hobgoblins
  16 jackals
  A quokka (D:4)
  6 bats
  3 frilled lizards
  6 kobolds
  8 rats
89 creatures vanquished.

Notes
Turn   | Place    | Note
-------+----------+-------------------------------------------
     0 | D:1      | Firecrotchwizard the Merfolk Skald began the quest for the Orb.
     0 | D:1      | Reached XP level 1. HP: 16/16 MP: 3/3
   141 | D:1      | Reached XP level 2. HP: 23/23 MP: 5/5
   352 | D:1      | Reached skill level 4 in Polearms
   595 | D:1      | Reached XP level 3. HP: 27/28 MP: 6/6
   781 | D:1      | You fall through a shaft!
  1130 | D:2      | Reached skill level 3 in Fighting
  1136 | D:2      | Reached skill level 5 in Polearms
  1544 | D:2      | Reached XP level 4. HP: 32/35 MP: 7/7
  2479 | D:2      | Learned a level 2 spell: Shroud of Golubria
  2484 | D:3      | Reached skill level 6 in Polearms
  2737 | D:3      | Reached XP level 5. HP: 33/41 MP: 8/8
  3620 | D:4      | Reached skill level 4 in Fighting
  3620 | D:4      | Reached skill level 7 in Polearms
  3985 | D:4      | Reached XP level 6. HP: 47/48 MP: 9/9
  4593 | D:3      | Reached skill level 8 in Polearms
  4691 | D:4      | HP: 6/49 [orc priest/nerve-wracking pain (13)]
  4692 | D:4      | Killed from afar by an orc priest

Skill      XL: |  1  2  3  4  5  6 |
---------------+-------------------+-----
Polearms       | 4 5 6 7 8 |  8.1
Fighting       | 3 4 |  4.4
Armour         | |  0.6
Dodging        | |  2.6
Spellcasting   | |  2.0
Charms         | |  3.2

Action                   |  1- 3 |  4- 6 || total
-------------------------+-------+-------++-------
Melee: Spear             |   126 |   268 ||   394
 Cast: Infusion          |    12 |    21 ||    33
       Shroud of Golubri |       |     4 ||     4
  Use: Scroll            |       |     1 ||     1
 Stab: Sleeping          |       |     2 ||     2
  Eat: Chunk             |     2 |     8 ||    10
       Ration            |       |     1 ||     1
Armor: Leather armour    |    13 |    48 ||    61
Dodge: Dodged            |    50 |   137 ||   187

Vault maps used:
D:1:      dpeg_arrival_shrine
D:2:      first_ration, minivault_11

Table legend:
 A = Turns spent in this place as a percentage of turns spent in the entire game.
 B = Non-inter-level travel turns spent in this place as a percentage of non-inter-level travel turns spent in the entire game.
 C = Inter-level travel turns spent in this place as a percentage of turns spent in this place.
 D = Turns resting spent in this place as a percentage of non-inter-level travel turns spent in this place.
 E = Turns spent auto-exploring this place as a percentage of non-inter-level travel turns spent in this place.
 F = Non-inter-level travel turns spent in this place divided by the number of levels of this place that you've seen.
                   A       B       C       D       E      F
               +-------+-------+-------+-------+-------+----------------------
         Total | 100.0 | 100.0 |   1.9 |  41.5 |  41.0 | 1150.2
       Dungeon | 100.0 | 100.0 |   1.9 |  41.5 |  41.0 | 1150.2
               +-------+-------+-------+-------+-------+----------------------

Table legend:
 A = Kills in this place as a percentage of kills in entire the game.
 B = Kills by you in this place as a percentage of kills by you in the entire game.
 C = Kills by friends in this place as a percentage of kills by friends in the entire game.
 D = Other kills in this place as a percentage of other kills in the entire game.
 E = Experience gained in this place as a percentage of experience gained in the entire game.
 F = Experience gained in this place divided by the number of levels of this place that you have seen.
                   A       B       C       D       E      F
               +-------+-------+-------+-------+-------+----------------------
         Total | 100.0 | 100.0 |   N/A |   N/A | 100.0 | 115.8
       Dungeon | 100.0 | 100.0 |   N/A |   N/A | 100.0 | 115.8
               +-------+-------+-------+-------+-------+----------------------
